 Dungeon Crawl Stone Soup version 0.24.0-41-g2ae2f7f1be (webtiles) character file.

Game seed: 7337946202012585518, levelgen mode: deterministic

22619 delarado the Grappler (level 12, 0/178 HPs)
             Began as a Troll Berserker on Dec 11, 2019.
             Was a High Priest of Trog.
             Slain by a yak (14 damage)
             ... led by a torpor snail
             ... on level 3 of the Lair of Beasts.
             The game lasted 00:44:02 (9921 turns).

delarado the Grappler (Troll Berserker)             Turns: 9921, Time: 00:44:04

Health: 0/178      AC:  8    Str: 35    XL:     12   Next: 64%
Magic:  11/11      EV: 12    Int:  3    God:    Trog [*****.]
Gold:   497        SH: 23    Dex: 14    Spells: 11/11 levels left

rFire    . . .     SeeInvis .     - Unarmed
rCold    + . .     Gourm    +   A - +4 large shield
rNeg     . . .     Faith    .   w - +1 robe {rC+}
rPois    +         Spirit   .   (helmet restricted)
rElec    .         Reflect  .   N - +0 cloak (curse)
rCorr    .         Harm     .   (gloves unavailable)
MR       ++...                  (boots unavailable)
Stlth    ..........             (no amulet)
HPRegen  1.79/turn              a - ring of poison resistance (curse)
MPRegen  0.12/turn              K - +3 ring of dexterity

@: berserking, regenerating, very quick
A: large, unfitting armour, claws 3, fast metabolism 3, gourmand, regeneration
1, shaggy fur 1, tough skin 3
a: Berserk, Trog's Hand, Brothers in Arms, Renounce Religion


You were on level 3 of the Lair of Beasts.
You worshipped Trog.
Trog was extremely pleased with you.
You were full.

You visited 2 branches of the dungeon, and saw 12 of its levels.
You also visited: Ice Cave.

You collected 818 gold pieces.
You spent 321 gold pieces at shops.

Inventory:

Hand Weapons
 D - a +2 mace of crushing
 H - a +6 lajatang of electrocution
 M - the +10 quarterstaff of Valour {freeze, rElec MR- Int+4}
   (You found it in an ice cave)

   It has been specially enchanted to freeze those struck by it, causing extra
   injury to most foes and up to half again as much damage against particularly
   susceptible opponents.
   It can also slow down cold-blooded creatures.
   It affects your intelligence (+4).
   It insulates you from electricity.
   It affects your resistance to hostile enchantments.
Missiles
 c - 376 stones
 o - 15 boomerangs (quivered)
 B - 4 silver javelins
Armour
 w - a +1 robe of cold resistance (worn)
 z - a +0 cloak
 A - a +4 large shield (worn)
 N - a cursed +0 cloak (worn)
Jewellery
 a - a cursed ring of poison resistance (left claw)
 u - an uncursed amulet of rage
 K - a +3 ring of dexterity (right claw)
 L - an uncursed ring of resist corrosion
Wands
 e - a wand of scattershot (7)
 r - a wand of polymorph (7)
 y - a wand of acid (4)
 E - a wand of paralysis (29)
 I - a wand of random effects (26)
Scrolls
 f - 3 scrolls of magic mapping
 g - 4 scrolls of teleportation
 h - 7 scrolls of remove curse
 l - 2 scrolls of fog
 q - a scroll of enchant weapon
 s - 2 scrolls of fear
 t - a scroll of blinking
 G - 2 scrolls of immolation
Potions
 d - 2 potions of might
 i - 7 potions of brilliance
 j - 6 potions of heal wounds {unknown}
 k - 2 potions of lignification
 m - 3 potions of curing
 n - 2 potions of ambrosia
 p - 4 potions of haste
 v - a potion of flight
 x - a potion of agility
 C - a potion of cancellation
 F - a potion of mutation
 J - 2 potions of magic
Comestibles
 b - 11 rations


   Skills:
 + Level 8.0 Fighting
 + Level 6.7 Throwing
 + Level 8.0 Dodging
 - Level 8.7 Shields
 - Level 12.5 Unarmed Combat


You had 11 spell levels left.
You didn't know any spells.
Your spell library was empty.

Dungeon Overview and Level Annotations

Branches:
Dungeon (9/15)             Temple (0/1) D:4            Lair (3/6) D:9
  Swamp (0/4) Lair:2        IceCv (visited)
  Snake: Lair:2-4    Spider: Lair:2-4       Orc: D:9-12

Altars:
Ashenzari
Cheibriados
Dithmenos
Gozag
Makhleb
Qazlal
Ru
Sif Muna
Trog
Xom

Shops:
D:6 [[!   D:7 [

Annotations:
Lair:3 2 runed translucent doors, Nilihum's ghost, journeyman TeAE


Innate Abilities, Weirdness & Mutations

You are too large for most types of armour.
You have claws for hands.
Your metabolism is lightning-fast.
You like to eat raw meat.
Your natural rate of healing is unusually fast.
You are covered in fur. (AC +1)
You have extremely tough skin. (AC +3)


Message History

You block the yak's attack. The yak gores you!
* * * LOW HITPOINT WARNING * * *
A red film seems to cover your vision as you go berserk!
You feel yourself moving faster!
You feel mighty!
You feel a lot less full. You block the porcupine's attack. The yak gores you!
* * * LOW HITPOINT WARNING * * *
You block the yak's attack. x2; The porcupine barely misses you.
The yak gores you!
* * * LOW HITPOINT WARNING * * *
The yak gores you but does no damage.
You completely miss the yak.
The yak is severely wounded.
You block the yak's attack. x2
You eviscerate the yak!!!
You kill the yak!
Trog accepts your kill. You block the porcupine's attack. The yak gores you.
* * * LOW HITPOINT WARNING * * *
The yak gores you!
You die...

.#................
..................
..................
......................
....>..................#
....?...................#
.......Y†Y...............
.......†@................
.......rYY...............
.......###...............
......P ##..............
......# #P.###..........
.#.... #####...........
...... ##P##............
...... #...............÷
.#................


You could see 4 yaks and a porcupine.

Vanquished Creatures
  Pikel (D:6)
  2 ugly things (IceCv)
  3 ice statues (IceCv)
  2 black mambas
  5 elephants (Lair:3)
  A torpor snail (Lair:3)
  A spiny frog (Lair:1)
  11 komodo dragons
  Grinder (D:5)
  5 blink frogs (Lair:2)
  5 hippogriffs
  Sigmund (D:2)
  A hungry ghost (D:7)
  13 yaks
  A basilisk (Lair:1)
  Eustachio (D:5)
  6 vampire mosquitoes (Lair:2)
  5 water moccasins
  An orc warrior (D:7)
  3 porcupines (Lair:1)
  2 slaves (D:6)
  9 ice beasts
  2 sky beasts
  2 black bears
  2 phantoms
  2 ogres
  2 centaurs
  6 crocodiles
  3 bullfrogs
  2 wyvern skeletons (D:9)
  6 killer bees (D:6)
  2 howler monkeys
  5 wights (D:7)
  An electric eel (Lair:2)
  3 crimson imps
  2 bullfrog zombies
  A quasit (D:7)
  2 jellies
  4 hounds
  Crazy Yiuf (D:3)
  5 orc priests
  An iguana (D:8)
  15 orc wizards
  4 worker ants
  5 hell rats (Lair:3)
  A hound zombie (D:7)
  11 gnolls
  8 adders
  2 shadow imps
  An ooze (D:7)
  2 adder zombies
  A worm (D:3)
  2 dart slugs
  8 leopard geckos
  27 orcs
  5 bats
  3 giant cockroaches
  13 goblins
  10 hobgoblins
  7 jackals
  6 quokkas
  A ball python (D:1)
  8 frilled lizards
  7 kobolds
  A quokka skeleton (D:5)
  5 rats
287 creatures vanquished.

Vanquished Creatures (others)
  An adder (D:6)
  A leopard gecko (D:6)
  2 fungi (Lair:1)
  4 plants
8 creatures vanquished.

Grand Total: 295 creatures vanquished

Notes
Turn   | Place    | Note
-------+----------+-------------------------------------------
     0 | D:1      | delarado the Troll Berserker began the quest for the Orb.
     0 | D:1      | Reached XP level 1. HP: 22/22 MP: 0/0
   118 | D:1      | Reached XP level 2. HP: 23/29 MP: 1/1
   260 | D:1      | Reached skill level 4 in Unarmed Combat
   353 | D:1      | Reached XP level 3. HP: 36/36 MP: 2/2
   441 | D:1      | Reached ** piety under Trog
   796 | D:2      | Noticed Sigmund
   810 | D:2      | Killed Sigmund
   810 | D:2      | Reached skill level 6 in Unarmed Combat
   810 | D:2      | Reached XP level 4. HP: 44/44 MP: 3/3
   810 | D:2      | Reached XP level 5. HP: 50/50 MP: 4/4
   925 | D:2      | Found a shimmering altar of Xom.
   925 | D:2      | Found a bloodstained altar of Trog.
   932 | D:2      | Found a burning altar of Makhleb.
   934 | D:2      | Found an opulent altar of Gozag.
   936 | D:2      | Found a shattered altar of Ashenzari.
  1276 | D:3      | Reached XP level 6. HP: 59/59 MP: 5/5
  1283 | D:3      | Reached skill level 7 in Unarmed Combat
  1426 | D:3      | Reached *** piety under Trog
  1497 | D:3      | HP: 4/88 [leopard gecko (2)]
  2012 | D:3      | Found a runed translucent door.
  2013 | D:3      | Noticed Crazy Yiuf
  2023 | D:3      | Killed Crazy Yiuf
  2282 | D:4      | Reached skill level 8 in Unarmed Combat
  2316 | D:4      | Found a staircase to the Ecumenical Temple.
  2326 | D:4      | Reached XP level 7. HP: 66/66 MP: 6/6
  2552 | D:4      | Found a shimmering blue altar of Sif Muna.
  2848 | D:5      | Entered Level 5 of the Dungeon
  2962 | D:5      | Reached skill level 9 in Unarmed Combat
  3082 | D:5      | Reached **** piety under Trog
  3113 | D:5      | Noticed Grinder
  3129 | D:5      | Killed Grinder
  3129 | D:5      | Reached skill level 10 in Unarmed Combat
  3129 | D:5      | Reached XP level 8. HP: 57/74 MP: 7/7
  3204 | D:5      | Noticed Eustachio
  3209 | D:5      | Killed Eustachio
  3508 | D:6      | Noticed Pikel
  3524 | D:6      | Killed Pikel
  3524 | D:6      | Reached skill level 11 in Unarmed Combat
  3570 | D:6      | Found Gemne's Armour Emporium.
  3733 | D:6      | Found Geetront's Distillery.
  3741 | D:6      | Bought a potion of flight for 45 gold pieces
  3741 | D:6      | Bought a potion of brilliance for 60 gold pieces
  3817 | D:6      | Reached XP level 9. HP: 45/80 MP: 8/8
  3828 | D:6      | Reached skill level 12 in Unarmed Combat
  4325 | D:6      | Found Ureihaan's Armour Emporium.
  4731 | D:7      | Found a sacrificial altar of Ru.
  5015 | D:7      | Found Dinon's Antique Armour Shoppe.
  5035 | D:7      | Bought a cloak for 108 gold pieces
  5035 | D:7      | Bought a large shield for 108 gold pieces
  5267 | D:8      | Found a snail-covered altar of Cheibriados.
  5465 | D:8      | Reached ***** piety under Trog
  5486 | D:8      | Identified the Reference Book on Orientation and
                  | Confrontation
  5578 | D:8      | Found a shadowy altar of Dithmenos.
  5590 | D:8      | Reached skill level 1 in Shields
  5786 | D:8      | Reached XP level 10. HP: 92/94 MP: 9/9
  6121 | D:9      | Reached XP level 11. HP: 101/101 MP: 10/10
  6420 | D:9      | Found a staircase to the Lair.
  6753 | D:9      | Reached skill level 5 in Dodging
  7016 | D:9      | Reached skill level 5 in Fighting
  7016 | D:9      | Reached skill level 1 in Throwing
  7382 | Lair:1   | Entered Level 1 of the Lair of Beasts
  8145 | Lair:2   | Found a staircase to the Swamp.
  8187 | Lair:2   | Received a gift from Trog
  8327 | Lair:2   | Reached XP level 12. HP: 115/115 MP: 11/11
  8369 | Lair:2   | Found a stormy altar of Qazlal.
  8563 | Lair:2   | Reached skill level 5 in Throwing
  8584 | Lair:2   | Found a frozen archway.
  8593 | IceCv    | Entered an ice cave
  8996 | IceCv    | Got an iridescent quarterstaff
  9002 | IceCv    | Identified the +10 quarterstaff of Valour {freeze, rElec
                  | MR- Int+4} (You found it in an ice cave)
  9771 | Lair:3   | Found a large runed translucent door.
  9773 | Lair:3   | Found a large runed translucent door.
  9775 | Lair:3   | Noticed Nilihum's ghost (journeyman TeAE)
  9921 | Lair:3   | Slain by a yak

Levels and vault maps discovered:
D:1:      dpeg_arrival_snail, layout_basic
D:2:      layout_loops_ring, chequers_temple_overflow_minitemple, uniq_sigmund
D:3:      layout_rooms, serial_rivers, chequers_serial_rivers_room_a,
          chequers_serial_rivers_large_a, chequers_serial_rivers_large_b,
          chequers_serial_rivers_small_3, chequers_serial_rivers_micro_c,
          eino_tiny_chamber, uniq_crazy_yiuf_cottage
D:4:      layout_loops_ring, led_sif_pool, minmay_temple_entry_steel_oval,
          first_ration
D:5:      layout_loops_ring, uniq_grinder, uniq_eustachio
D:6:      layout_loops_ring, serial_shops, shop, nicolae_shop_behind_doors,
          shop, uniq_pikel
D:7:      cheibrodos_quashed, layout_loops_ring,
          nicolae_ru_the_path_less_chosen, serial_shops, shop
D:8:      minmay_flawed_box, layout_cave_pools, grunt_dithmenos_shadows,
          lemuel_crystal_altar
D:9:      nicolae_whirlpool, layout_basic, david_lair_shrubbed
Lair:1:   layout_loops_ring, minivault_23, beast_lair_carwin_8
Lair:2:   layout_regular_city, minmay_swamp_entry_swarm, basic_altar,
          portal_ice_cave_entry_pillars_1
Lair:3:   layout_layer_cave, ebering_ghost_disaster_area

Skill      XL: |  1  2  3  4  5  6  7  8  9 10 11 12 |
---------------+-------------------------------------+-----
Unarmed Combat | 4 6 8 10 11 12 | 12.5
Fighting       | 4 6 8 |  8.0
Dodging        | 4 6 8 |  8.0
Shields        | 1 8 |  8.7
Throwing       | 4 6 |  6.7

Action                   |  1- 3 |  4- 6 |  7- 9 | 10-12 || total
-------------------------+-------+-------+-------+-------++-------
Melee: Unarmed           |    84 |   109 |   306 |   454 ||   953
       Punch             |     2 |     2 |     6 |       ||    10
Throw: Stone             |       |     4 |    12 |     1 ||    17
       Javelin           |       |       |    15 |     4 ||    19
       Boomerang         |       |       |       |    26 ||    26
Invok: Berserk           |     1 |     2 |     1 |     3 ||     7
       Trog's Hand       |     1 |       |     2 |     7 ||    10
  Use: Scroll            |       |     4 |     8 |    14 ||    26
       Potion            |       |       |       |     1 ||     1
 Stab: Sleeping          |     1 |       |       |     1 ||     2
  Eat: Chunk             |     7 |    21 |    37 |    34 ||    99
       Ration            |       |       |       |     2 ||     2
Armor: Animal skin       |    22 |    38 |    86 |       ||   146
       Robe              |       |       |       |    52 ||    52
Dodge: Dodged            |    46 |    58 |   101 |    90 ||   295
Block: Large shield      |       |       |    52 |   440 ||   492
